 Dungeon Crawl Stone Soup version 0.28-a0-563-gf77a47075d (webtiles) character file.

Game seed: 337901005131045137

5511 meatgazer the Spear-Bearer (level 10, -21/95 HPs)
             Began as a White Draconian Berserker on Sept 29, 2021.
             Was a High Priest of Trog.
             Demolished by an orc knight (43 damage)
             ... in a bailey.
             The game lasted 00:21:06 (8519 turns).

meatgazer the Spear-Bearer (DrBe)                   Turns: 8519, Time: 00:21:07

Health: -21/95     AC:  9    Str: 20    XL:     10   Next: 43%
Magic:  10/10      EV: 12    Int:  7    God:    Trog [*****.]
Gold:   697        SH:  0    Dex: 14    Spells: 9/9 levels left

rFire   . . .      SeeInvis .   q - +5 halberd
rCold   + . .      Faith    .   (shield currently unavailable)
rNeg    . . .      Spirit   .   (armour unavailable)
rPois   +          Reflect  .   (helmet restricted)
rElec   .          Harm     .   f - +1 cloak
rCorr   .          Rampage  .   (no gloves)
Will    .....                   (no boots)
Stlth   +.........              (no amulet)
HPRegen 0.25/turn               g - ring of flight
MPRegen 0.12/turn               r - ring of poison resistance

@: marked, flying, studying Bows
A: breathe frost, AC +7, unfitting armour, cold resistance 1, cold-blooded,
hooves 1, horns 1
a: Breathe Frost, Renounce Religion, Berserk, Trog's Hand, Brothers in Arms


You were in a bailey.
You worshipped Trog.
Trog was extremely pleased with you.
You visited 1 branch of the dungeon, and saw 9 of its levels.
You also visited: Bailey.

You collected 697 gold pieces.

Inventory:

Hand Weapons
 k - a +0 spear of protection
 n - a +4 halberd of freezing
 q - a +5 halberd (weapon)
Missiles
 o - 2 throwing nets (quivered)
Armour
 d - a +0 kite shield
 f - a +1 cloak (worn)
Jewellery
 e - the amulet "Sunap" {Acrobat -Tele Regen+ Str+3 Int+3}
   (You acquired it on level 5 of the Dungeon)

   [amulet of the acrobat]

   It increases your evasion while moving and waiting.
   Str:       It affects your strength (+3).
   Int:       It affects your intelligence (+3).
   -Tele:     It prevents most forms of teleportation.
   Regen:     It increases your rate of health regeneration.
 g - a ring of flight (left hand)
 i - an amulet of faith
 j - an amulet of regeneration
 p - an amulet of guardian spirit
 r - a ring of poison resistance (right hand)
Wands
 s - a wand of flame (6)
Scrolls
 b - a scroll of immolation
 c - 4 scrolls of teleportation
 l - 2 scrolls of magic mapping
 u - 2 scrolls of enchant armour {unknown}
 v - a scroll of fog {unknown}
Potions
 a - a potion of haste
 h - 5 potions of flight
 m - 2 potions of curing


   Skills:
 * Level 11.0 Fighting
 * Level 11.7 Polearms
 + Level 3.5 Bows
 - Level 2.6 Dodging
 * Level 3.9 Evocations


You had 9 spell levels left.
You didn't know any spells.
Your spell library was empty.

Dungeon Overview and Level Annotations

Branches:
Dungeon (9/15)             Temple (0/1) D:4            Lair (0/6) D:9
 Bailey (1/1)
    Orc: D:9-12

Altars:
Ashenzari
Cheibriados
Fedhas
Hepliaklqana
Makhleb
Ru
Uskayaw
Xom

Shops:
D:1 (


Innate Abilities, Weirdness & Mutations

You can breathe waves of freezing cold which knock back foes.
Your icy white scales are hard. (AC +7)
You cannot fit into any form of body armour.
Your flesh is cold resistant. (rC+)
You are cold-blooded and may be slowed by cold attacks.
You have large cloven feet.
You have a pair of small horns on your head.


Message History

The creatures around you are filled with an inner flame!
Aiming: Throw Flame
Press: ? - help, Shift-Dir - straight line, f - orc knight
Aim: an orc knight, wielding a +0 war axe and wearing a +0 plate armour (inner flame, strong, 71% to hit)
The puff of flame hits the orc knight.
Flame seeps out of the orc knight.
The orc knight is lightly wounded.
The orc knight is engulfed in blazing flames.
Flame seeps out of the orc knight.
The orc knight roars a battlecry!
The orc knight roars a battlecry!
The orc knight goes into a battle-frenzy!
You start removing your amulet.
You continue taking off the amulet "Sunap" {Acrobat -Tele Regen+ Str+3 Int+3}.
The orc knight barely misses you.
You continue taking off the amulet "Sunap" {Acrobat -Tele Regen+ Str+3 Int+3}.
The orc knight hits you with a +0 war axe!!!
Keep disrobing?
You continue taking off the amulet "Sunap" {Acrobat -Tele Regen+ Str+3 Int+3}.
The orc knight hits you with a +0 war axe!!
* * * LOW HITPOINT WARNING * * *
You continue taking off the amulet "Sunap" {Acrobat -Tele Regen+ Str+3 Int+3}.
The orc knight closely misses you.
You finish taking off the amulet "Sunap" {Acrobat -Tele Regen+ Str+3 Int+3}.
As you read the scroll of fear, it crumbles to dust.
You assume a fearsome visage.
The gnoll looks frightened!
The orc looks frightened!
The orc warrior looks frightened!
The kobold looks frightened!
The orc knight looks frightened! x2
The hobgoblin looks frightened!
The gnoll prays for help.
Unknown command.
Cornered, the orc knight turns to fight! x2
Aiming: Throw Flame
Press: ? - help, Shift-Dir - straight line, f/p - orc knight
Aim: an orc knight, wielding a +0 war axe and wearing a +0 plate armour (lightly wounded, inner flame, strong, 71% to hit)
The puff of flame hits the orc knight.
Flame seeps out of the orc knight.
The orc knight is moderately wounded.
The orc knight is engulfed in blazing flames.
Flame seeps out of the orc knight.
The orc knight hits you with a +0 war axe!!!
You die...

##...#.#..##.#
###########.#############
##.......................####
#.......#########...........##
#..###### ##'#.........## ...#
..# #..#.)..⌠.....# .(.# #..# o..
#..###.......# ≈..#
'..####'####..#.#.(...######
≈≈.###...og.K.oo@..#'#(.....#≈≈≈≈
≈≈≈≈.#.o####o####..#(((.(≈≈≈≈≈≈≈≈
≈≈≈≈≈####...g...####)≈≈≈≈≈≈≈≈≈≈##
##≈≈≈≈≈∩#.ooo...#∩≈≈≈≈≈≈≈....###
###≈≈≈≈#########≈≈≈≈≈......##
###≈≈≈≈≈≈≈≈≈≈≈≈≈≈.......##
###.≈≈≈≈≈≈≈≈........###
##.............####
##..∩......####


You could see 2 orc knights, an orc warrior (inner flame, strong), an orc
(strong, fleeing), a hobgoblin (inner flame, fleeing) and a kobold.

Vanquished Creatures
  Harold (D:8)
  Maggie (D:7)
  Grinder (D:6)
  Sigmund (D:3)
  Eustachio (D:4)
  Menkaure (D:5)
  Edmund (D:6)
  2 water moccasins (D:7)
  3 orc warriors
  2 black bears
  An ice beast (D:7)
  A hornet zombie (D:7)
  2 sky beasts
  A necrophage (D:5)
  An ogre (D:5)
  2 centaurs (D:8)
  2 phantoms (D:5)
  4 kobold brigands
  Blork the orc (D:4)
  A wyvern zombie (D:7)
  A bullfrog (D:7)
  A scorpion (D:4)
  A water moccasin zombie (D:5)
  2 water moccasin skeletons
  A wyvern skeleton (D:5)
  7 wights
  5 howler monkeys
  2 bullfrog zombies
  A gnoll shaman (D:7)
  4 hounds
  A jelly (D:7)
  2 orc priests
  A centaur skeleton (D:7)
  8 orc wizards
  5 iguanas
  A scorpion zombie (D:5)
  Crazy Yiuf (D:2)
  Natasha (twice) (D:2)
  2 killer bee zombies (D:6)
  2 howler monkey zombies
  8 gnolls
  7 adders
  3 shadow imps
  An ufetubus (D:4)
  2 worms
  7 dart slugs
  39 orcs
  8 ball pythons
  10 endoplasms
  5 giant cockroaches
  14 goblins
  9 hobgoblins
  3 jackals (D:3)
  30 kobolds
  2 quokkas
  8 bats
  3 frilled lizards
  4 rats
243 creatures vanquished.

Vanquished Creatures (others)
  A ball python (D:1)
  6 plants (D:9)
7 creatures vanquished.

Grand Total: 250 creatures vanquished

Notes
Turn   | Place    | Note
-------+----------+-------------------------------------------
     0 | D:1      | meatgazer the Draconian Berserker began the quest for the
                  | Orb.
     0 | D:1      | Reached XP level 1. HP: 19/19 MP: 1/1
     3 | D:1      | Noticed an electric eel
     4 | D:1      | Noticed an electric eel
    20 | D:1      | Found a faded altar of an unknown god.
   242 | D:1      | Reached XP level 2. HP: 26/26 MP: 2/2
   409 | D:1      | Found Jimaen's Weapon Emporium.
   651 | D:1      | Reached ** piety under Trog
   667 | D:1      | Reached XP level 3. HP: 31/33 MP: 3/3
  1085 | D:2      | Gained mutation: You have a pair of small horns on your
                  | head. [potion of mutation]
  1085 | D:2      | Gained mutation: Your body sometimes deteriorates upon
                  | taking damage. [potion of mutation]
  1085 | D:2      | Gained mutation: Your body often deteriorates upon taking
                  | damage. [potion of mutation]
  1423 | D:3      | Noticed Sigmund
  1432 | D:3      | Reached XP level 4. HP: 41/41 MP: 4/4
  1434 | D:3      | Killed Sigmund
  1435 | D:3      | Reached skill level 5 in Fighting
  1435 | D:3      | Reached skill level 5 in Polearms
  1435 | D:3      | Reached XP level 5. HP: 48/48 MP: 5/5
  1473 | D:2      | Noticed Natasha
  1481 | D:2      | Killed Natasha
  1650 | D:2      | Noticed Natasha
  1662 | D:2      | Killed Natasha
  1663 | D:2      | Reached XP level 6. HP: 57/57 MP: 6/6
  1820 | D:2      | Found a broken altar of Ashenzari.
  2063 | D:2      | Found a runed translucent door.
  2064 | D:2      | Noticed Crazy Yiuf
  2072 | D:2      | Killed Crazy Yiuf
  2475 | D:3      | Reached *** piety under Trog
  2534 | D:3      | Found a blossoming altar of Fedhas.
  2579 | D:3      | Found a sacrificial altar of Ru.
  2668 | D:3      | Found a hide-covered altar of Uskayaw.
  2847 | D:4      | Noticed Blork the orc
  2847 | D:4      | Noticed Eustachio
  2854 | D:4      | Killed Blork the orc
  3086 | D:4      | Killed Eustachio
  3087 | D:4      | Your scales start taking on an icy white colour.
  3087 | D:4      | Reached XP level 7. HP: 64/64 MP: 7/7
  3087 | D:4      | Gained mutation: Your flesh is cold resistant. (rC+) [White
                  | Draconian growth]
  3439 | D:4      | Found a staircase to the Ecumenical Temple.
  4330 | D:4      | Reached **** piety under Trog
  4608 | D:5      | Entered Level 5 of the Dungeon
  5036 | D:5      | Reached XP level 8. HP: 74/74 MP: 8/8
  5101 | D:5      | Noticed Menkaure
  5104 | D:5      | Killed Menkaure
  6049 | D:5      | Identified a scroll of acquirement
  6049 | D:5      | Acquired the amulet "Sunap" {Acrobat -Tele Regen+ Str+3
                  | Int+3}
  6062 | D:5      | Lost mutation: Your body often deteriorates upon taking
                  | damage. [potion of mutation]
  6062 | D:5      | Lost mutation: Your body sometimes deteriorates upon taking
                  | damage. [potion of mutation]
  6062 | D:5      | Gained mutation: You have large cloven feet. [potion of
                  | mutation]
  6243 | D:6      | Reached XP level 9. HP: 83/83 MP: 9/9
  6339 | D:6      | Noticed Edmund
  6347 | D:6      | Killed Edmund
  6383 | D:6      | Noticed Grinder
  6385 | D:6      | Paralysed by Grinder for 6 turns
  6395 | D:6      | Paralysed by Grinder for 5 turns
  6403 | D:6      | Killed Grinder
  6404 | D:6      | Reached skill level 10 in Polearms
  6753 | D:7      | Noticed Maggie
  6762 | D:7      | Killed Maggie
  6763 | D:7      | Reached skill level 10 in Fighting
  6849 | D:7      | Reached skill level 1 in Evocations
  7171 | D:7      | Reached skill level 1 in Bows
  7384 | D:7      | Found a snail-covered altar of Cheibriados.
  7648 | D:7      | Reached XP level 10. HP: 88/94 MP: 10/10
  7907 | D:8      | Found a burning altar of Makhleb.
  7937 | D:8      | You are sucked into a shaft and drop 1 floor!
  7937 | D:9      | Found a staircase to the Lair.
  7977 | D:9      | Found a hazy altar of Hepliaklqana.
  8029 | D:8      | Noticed Harold
  8044 | D:8      | Killed Harold
  8044 | D:8      | Reached ***** piety under Trog
  8047 | D:8      | Found a shimmering altar of Xom.
  8252 | D:8      | Found a flagged portal.
  8264 | Bailey   | Entered a bailey
  8274 | Bailey   | Noticed an orc knight
  8275 | Bailey   | Noticed an orc knight
  8519 | Bailey   | Demolished by an orc knight

Illustrated notes

Levels and vault maps discovered:
D:1:      arrival_aquarium_b, layout_loops_ring,
          hellmonk_ecumenical_altar_arch_garden, serial_shops, shop,
          hangedman_feature_mirror, minmay_misc_feat_ornament
D:2:      layout_loops_corners, basic_altar, uniq_crazy_yiuf_cottage,
          uniq_natasha
D:3:      layout_basic, mainiacjoe_overflow_six_doors_small,
          nicolae_ru_great_annihilating_truth, lemuel_coloured_pillars_altar,
          uniq_sigmund
D:4:      layout_basic, minmay_temple_entry_ruins, grunt_decor_one_mirror,
          uniq_blork_the_orc, uniq_eustachio
D:5:      minmay_general_purpose_star, layout_basic, minmay_manual_mail,
          uniq_menkaure
D:6:      layout_basic, minmay_unpleasant_kobolds, uniq_edmund, uniq_grinder
D:7:      minmay_polygon_palace, layout_basic, lemuel_round_altar,
          minmay_checkerbox, uniq_maggie
D:8:      layout_loops_ring, overflow_temple_1_default,
          mainiacjoe_overflow_paths, lemuel_crystal_altar,
          lightli_bailey_entry_fortress, uniq_pikel, uniq_harold
D:9:      layout_irregular_city, mainiacjoe_overflow_catwalk,
          david_lair_shrubbed, grunt_ministairs_12, nicolae_shop_clearance,
          uniq_maurice
Bailey:   bailey_axe_4, bailey

Skill      XL: |  1  2  3  4  5  6  7  8  9 10 |
---------------+-------------------------------+-----
Fighting       | 4 5 6 7 9 10 11 | 11.0
Polearms       | 4 5 6 7 9 11 | 11.7
Evocations     | 2 3 |  3.9
Bows           | 2 3 |  3.5
Dodging        | |  2.6

Action                   |  1- 3 |  4- 6 |  7- 9 | 10-12 || total
-------------------------+-------+-------+-------+-------++-------
Melee: Spear             |   129 |   110 |    42 |       ||   281
       Tailslap          |     7 |    10 |    22 |    14 ||    53
       Headbutt          |     7 |    11 |    41 |    17 ||    76
       Halberd           |       |       |   227 |   104 ||   331
       Kick              |       |       |    27 |    26 ||    53
Invok: Berserk           |     2 |     7 |    11 |     2 ||    22
 Abil: Breathe Frost     |       |       |     3 |     2 ||     5
Evoke: Wand              |       |       |       |     2 ||     2
  Use: Scroll            |     4 |     3 |     7 |     3 ||    17
       Potion            |     1 |       |     5 |     1 ||     7
 Stab: Sleeping          |     4 |       |     2 |       ||     6
       Distracted        |       |       |       |     1 ||     1
Armor: Skin              |    36 |    23 |    62 |    28 ||   149
Dodge: Dodged            |    54 |    47 |    92 |    69 ||   262

Table legend: (Time is in decaauts)
 A = Elapsed time spent in this place.
 B = Non-inter-level travel time spent in this place.
 C = Inter-level travel time spent in this place.
 D = Time resting spent in this place.
 E = Time spent auto-exploring this place.
 F = Levels seen in this place.
 G = Mean time per level.
                   A        B        C        D        E       F      G
               +--------+--------+--------+--------+--------+-----+--------+
         Total |   8646 |   8440 |    206 |   2314 |   4581 |  10 |  864.6 |
       Dungeon |   8393 |   8187 |    206 |   2282 |   4553 |   9 |  932.6 |
        Bailey |    253 |    253 |      0 |     32 |     28 |   1 |  253.0 |
               +--------+--------+--------+--------+--------+-----+--------+

Top non-repeatable levels by time:
     D:4: 1539 daAuts
     D:5: 1529 daAuts
     D:7: 1378 daAuts
     D:2: 1299 daAuts
     D:1: 1078 daAuts
     D:3: 738 daAuts
     D:6: 563 daAuts
  Bailey: 253 daAuts
     D:8: 214 daAuts
     D:9: 51 daAuts
